TOP OF THE 1ST |
Chicago Cubs batting - Pitching for New York Mets : LHP Eduardo Rodriguez
|
Pitching: LHP Eduardo Rodriguez
|
|
Batting: RHB Rajai Davis
|
0-0: Ball 1-0: Ball 2-0: Fly out, F4 (Popup, 34S)
|
Batting: RHB Paul DeJong
|
0-0: Foul Ball, location: 2F 0-1: Fly out, F7 (Flyball, 7LS)
|
Batting: LHB Cody Bellinger
|
0-0: Called Strike 0-1: Called Strike 0-2: Strikes out swinging
|
Top of the 1st over - 0 runs, 0 hits, 0 errors, 0 left on base; Chicago 0 - New York 0 |
BOTTOM OF THE 1ST |
New York Mets batting - Pitching for Chicago Cubs : RHP Masahiro Tanaka
|
Pitching: RHP Masahiro Tanaka
|
|
Batting: SHB Jonathan Villar
|
0-0: Ball 1-0: Called Strike 1-1: Called Strike 1-2: Foul Ball, location: 2F 1-2: Fly out, F8 (Line Drive, 8RD)
|
Batting: RHB Erik Gonzalez
|
0-0: Ball 1-0: Foul Ball, location: 2F 1-1: Called Strike 1-2: Foul Ball, location: 2F 1-2: Ball 2-2: Strikes out swinging
|
Batting: LHB Eddie Rosario
|
0-0: Fly out, F8 (Flyball, 8RS)
|
Bottom of the 1st over - 0 runs, 0 hits, 0 errors, 0 left on base; Chicago 0 - New York 0 |
TOP OF THE 2ND |
Chicago Cubs batting - Pitching for New York Mets : LHP Eduardo Rodriguez
|
Batting: RHB Justin Upton
|
0-0: Ball 1-0: Called Strike 1-1: Ball 2-1: Swinging Strike 2-2: Ball 3-2: Strikes out looking
|
Batting: RHB Willson Contreras
|
0-0: Ball 1-0: Ground out U3 (Groundball, 3L)
|
Batting: RHB Stephen Piscotty
|
0-0: Fly out, F4 (Line Drive, 4)
|
Top of the 2nd over - 0 runs, 0 hits, 0 errors, 0 left on base; Chicago 0 - New York 0 |
BOTTOM OF THE 2ND |
New York Mets batting - Pitching for Chicago Cubs : RHP Masahiro Tanaka
|
Batting: SHB Ian Happ
|
0-0: Ball 1-0: Called Strike 1-1: Called Strike 1-2: Ball 2-2: Fly out, F8 (Flyball, 8LD)
|
Batting: LHB Mitch Moreland
|
0-0: Ball 1-0: Foul Ball, location: 2F 1-1: Ground out 4-3 (Groundball, 4)
|
Batting: LHB Travis Shaw
|
0-0: Called Strike 0-1: Ball 1-1: Ball 2-1: Ball 3-1: Fly out, F8 (Flyball, 8RM)
|
Bottom of the 2nd over - 0 runs, 0 hits, 0 errors, 0 left on base; Chicago 0 - New York 0 |
TOP OF THE 3RD |
Chicago Cubs batting - Pitching for New York Mets : LHP Eduardo Rodriguez
|
Batting: RHB Zack Cozart
|
0-0: Called Strike 0-1: Ball 1-1: Foul Ball, location: 2F 1-2: Foul Ball, location: 2F 1-2: Foul Ball, location: 2F 1-2: SOLO HOME RUN (Flyball, 78XD), Distance : 402 ft
|
Batting: RHB Jedd Gyorko
|
0-0: Ball 1-0: Fly out, F8 (Flyball, 8RXD)
|
Batting: RHB Masahiro Tanaka
|
0-0: Called Strike 0-1: Ground out 6-3 (Groundball, 6M)
|
Batting: RHB Rajai Davis
|
0-0: Foul Ball, location: 2F 0-1: Ball 1-1: Ball 2-1: Foul Ball, location: 2F 2-2: Ball 3-2: Ground out 5-3 (Groundball, 56)
|
Top of the 3rd over - 1 run, 1 hit, 0 errors, 0 left on base; Chicago 1 - New York 0 |
BOTTOM OF THE 3RD |
New York Mets batting - Pitching for Chicago Cubs : RHP Masahiro Tanaka
|
Batting: RHB Salvador Perez
|
0-0: Ball 1-0: Ground out U3 (Groundball, 34S)
|
Batting: RHB Nick Ahmed
|
0-0: Called Strike 0-1: Ball 1-1: Ball 2-1: Ground out 5-3 (Groundball, 56)
|
Batting: LHB Eduardo Rodriguez
|
0-0: Swinging Strike 0-1: Called Strike 0-2: Strikes out swinging
|
Bottom of the 3rd over - 0 runs, 0 hits, 0 errors, 0 left on base; Chicago 1 - New York 0 |
TOP OF THE 4TH |
Chicago Cubs batting - Pitching for New York Mets : LHP Eduardo Rodriguez
|
Batting: RHB Paul DeJong
|
0-0: SINGLE (Groundball, 25) (infield hit)
|
Batting: LHB Cody Bellinger
|
0-0: Foul Ball, location: 2F 0-1: Called Strike 0-2: Foul Ball, location: 2F 0-2: Fly out, F7 (Flyball, 78XD) Runner from 1st tags up, SAFE at 2nd
|
Batting: RHB Justin Upton
|
0-0: Ball 1-0: Called Strike 1-1: Ball 2-1: Swinging Strike 2-2: Strikes out swinging
|
Batting: RHB Willson Contreras
|
0-0: Ball 1-0: Ball 2-0: SINGLE (Line Drive, 89M) Paul DeJong to third Runner from 3rd tries for Home, throw by RF and OUT! 9-2
|
Top of the 4th over - 0 runs, 2 hits, 0 errors, 1 left on base; Chicago 1 - New York 0 |
BOTTOM OF THE 4TH |
New York Mets batting - Pitching for Chicago Cubs : RHP Masahiro Tanaka
|
Batting: SHB Jonathan Villar
|
0-0: Foul Ball, location: 2F 0-1: Foul Ball, location: 2F 0-2: Strikes out looking
|
Batting: RHB Erik Gonzalez
|
0-0: DOUBLE (Flyball, 89D)
|
Batting: LHB Eddie Rosario
|
0-0: Foul Ball, location: 2F 0-1: Swinging Strike 0-2: Strikes out swinging
|
Batting: SHB Ian Happ
|
0-0: Called Strike 0-1: Ball 1-1: 2-RUN HOME RUN (Flyball, 8LXD), Distance : 424 ft
|
Batting: LHB Mitch Moreland
|
0-0: Fly out, F9 (Line Drive, 9S)
|
Bottom of the 4th over - 2 runs, 2 hits, 0 errors, 0 left on base; Chicago 1 - New York 2 |
TOP OF THE 5TH |
Chicago Cubs batting - Pitching for New York Mets : LHP Eduardo Rodriguez
|
Batting: RHB Stephen Piscotty
|
0-0: Swinging Strike 0-1: Foul Ball, location: 2F 0-2: Ball 1-2: Strikes out swinging
|
Batting: RHB Zack Cozart
|
0-0: Ball 1-0: Called Strike 1-1: Foul Ball, location: 2F 1-2: Ground out 5-3 (Groundball, 56)
|
Batting: RHB Jedd Gyorko
|
0-0: Ball 1-0: Called Strike 1-1: Ball 2-1: SINGLE (Flyball, 78S)
|
Batting: RHB Masahiro Tanaka
|
0-0: Ball 1-0: Fly out, F3 (Popup, 3F)
|
Top of the 5th over - 0 runs, 1 hit, 0 errors, 1 left on base; Chicago 1 - New York 2 |
BOTTOM OF THE 5TH |
New York Mets batting - Pitching for Chicago Cubs : RHP Masahiro Tanaka
|
Batting: LHB Travis Shaw
|
0-0: Ground out 4-3 (Groundball, 4)
|
Batting: RHB Salvador Perez
|
0-0: SINGLE (Line Drive, 78M)
|
Batting: RHB Nick Ahmed
|
0-0: Ball 1-0: Swinging Strike 1-1: Ball 2-1: Foul Ball, location: 2F 2-2: Fielders Choice at 2nd, 3-6 (Groundball, 3S)
|
Batting: LHB Eduardo Rodriguez
|
0-0: Called Strike 0-1: Ball 1-1: SINGLE (Groundball, 34D) Nick Ahmed to second Runner from 2nd tries for 3rd, SAFE, throw by RF made to third
|
Batting: SHB Jonathan Villar
|
0-0: Called Strike 0-1: Ball 1-1: Called Strike 1-2: Ball 2-2: Ball 3-2: Fly out, F8 (Flyball, 8RM)
|
Bottom of the 5th over - 0 runs, 2 hits, 0 errors, 2 left on base; Chicago 1 - New York 2 |
TOP OF THE 6TH |
Chicago Cubs batting - Pitching for New York Mets : LHP Eduardo Rodriguez
|
Batting: RHB Rajai Davis
|
0-0: Swinging Strike 0-1: Ball 1-1: Foul Ball, location: 2F 1-2: Fly out, F8 (Line Drive, 8LM)
|
Batting: RHB Paul DeJong
|
0-0: Called Strike 0-1: Foul Ball, location: 2F 0-2: Strikes out looking
|
Batting: LHB Cody Bellinger
|
0-0: Called Strike 0-1: Ball 1-1: Foul Ball, location: 2F 1-2: Ball 2-2: Strikes out swinging
|
Top of the 6th over - 0 runs, 0 hits, 0 errors, 0 left on base; Chicago 1 - New York 2 |
BOTTOM OF THE 6TH |
New York Mets batting - Pitching for Chicago Cubs : RHP Masahiro Tanaka
|
Batting: RHB Erik Gonzalez
|
0-0: Ball 1-0: Called Strike 1-1: SINGLE (Groundball, 4D)
|
Batting: LHB Eddie Rosario
|
0-0: Ball 1-0: Swinging Strike 1-1: Foul Ball, location: 2F 1-2: Fly out, F9 (Flyball, 9)
|
Batting: SHB Ian Happ
|
0-0: Ball 1-0: Ball 2-0: Called Strike 2-1: Foul Ball, location: 2F 2-2: Foul Ball, location: 2F 2-2: Ball Erik Gonzalez steals 2nd base 3-2: Ground out 4-3 (Groundball, 4S) Erik Gonzalez to third
|
Batting: LHB Mitch Moreland
|
0-0: Ball 1-0: Ball 2-0: 2-RUN HOME RUN (Flyball, 9D), Distance : 380 ft
|
Batting: LHB Travis Shaw
|
0-0: Called Strike 0-1: Called Strike 0-2: SINGLE (Line Drive, 89M)
|
Batting: RHB Salvador Perez
|
0-0: Called Strike 0-1: Called Strike 0-2: Foul Ball, location: 2F 0-2: Strikes out swinging
|
Bottom of the 6th over - 2 runs, 3 hits, 0 errors, 1 left on base; Chicago 1 - New York 4 |
BOTTOM OF THE 7TH |
New York Mets batting - Pitching for Chicago Cubs : RHP Masahiro Tanaka
|
Batting: RHB Nick Ahmed
|
0-0: Called Strike 0-1: Ground out 6-3 (Groundball, 6)
|
Batting: LHB Eduardo Rodriguez
|
0-0: Foul Ball, location: 2F 0-1: Ball 1-1: Ground out 4-3 (Groundball, 4)
|
Batting: SHB Jonathan Villar
|
0-0: Fly out, F9 (Flyball, 9LD)
|
Bottom of the 7th over - 0 runs, 0 hits, 0 errors, 0 left on base; Chicago 2 - New York 4 |
TOP OF THE 8TH |
Chicago Cubs batting - Pitching for New York Mets : LHP Eduardo Rodriguez
|
Pinch Hitting: LHB Jason Castro
|
0-0: Ball 1-0: SOLO HOME RUN (Flyball, 89XD), Distance : 420 ft
|
Batting: RHB Rajai Davis
|
0-0: Called Strike 0-1: Ball 1-1: Ball 2-1: Swinging Strike 2-2: SINGLE (Line Drive, 56D)
|
Batting: RHB Paul DeJong
|
0-0: Ball 1-0: Swinging Strike 1-1: Called Strike 1-2: Foul Ball, location: 2F 1-2: Strikes out swinging
|
Pitching: RHP Zach McAllister
|
|
Batting: LHB Cody Bellinger
|
0-0: Ball 1-0: Ball Wild Pitch! Rajai Davis to second 2-0: Foul Ball, location: 2F 2-1: Called Strike 2-2: Strikes out looking
|
Batting: RHB Justin Upton
|
0-0: Ball 1-0: Called Strike 1-1: Called Strike 1-2: Strikes out looking
|
Top of the 8th over - 1 run, 2 hits, 0 errors, 1 left on base; Chicago 3 - New York 4 |
BOTTOM OF THE 8TH |
New York Mets batting - Pitching for Chicago Cubs : RHP Masahiro Tanaka
|
Pitching: RHP Carter Capps
|
|
Batting: RHB Erik Gonzalez
|
0-0: Ball 1-0: Ball 2-0: Called Strike 2-1: Foul Ball, location: 2F 2-2: Foul Ball, location: 2F 2-2: Ball 3-2: Base on Balls
|
Batting: LHB Eddie Rosario
|
0-0: Fly out, F9 (Line Drive, 9)
|
Batting: SHB Ian Happ
|
0-0: Ball 1-0: Swinging Strike 1-1: Called Strike 1-2: Ball 2-2: Foul Ball, location: 2F 2-2: Foul Ball, location: 2F 2-2: Foul Ball, location: 2F 2-2: Ball 3-2: Base on Balls Erik Gonzalez to second
|
Pitching: RHP Giovanny Gallegos
|
|
Batting: LHB Mitch Moreland
|
0-0: Called Strike 0-1: Ball 1-1: Fielders Choice at 2nd, 3-6 (Groundball, 3) Erik Gonzalez to third
|
Pitching: LHP Tony Cingrani
|
|
Batting: LHB Travis Shaw
|
0-0: Swinging Strike 0-1: Called Strike 0-2: Ball 1-2: Strikes out swinging
|
Bottom of the 8th over - 0 runs, 0 hits, 0 errors, 2 left on base; Chicago 3 - New York 4 |
TOP OF THE 9TH |
Chicago Cubs batting - Pitching for New York Mets : RHP Zach McAllister
|
Pitching: RHP Corey Knebel
|
|
Now in LF: Scott Schebler
|
|
Batting: RHB Willson Contreras
|
0-0: Ball 1-0: Ball 2-0: Called Strike 2-1: Ball 3-1: Base on Balls
|
Batting: RHB Stephen Piscotty
|
0-0: Foul Ball, location: 2F 0-1: Ball 1-1: SINGLE (Groundball, 4MD) Willson Contreras to second Runner from 2nd tries for 3rd, SAFE, throw by CF made to third
|
Batting: RHB Zack Cozart
|
0-0: Swinging Strike 0-1: Called Strike 0-2: Ball 1-2: Fly out, F8 (Flyball, 8RD) Runner from 3rd tags up, SCORES, throw by CF
|
Batting: RHB Jedd Gyorko
|
0-0: Ball 1-0: Called Strike 1-1: Ball 2-1: Called Strike 2-2: SINGLE (Flyball, 9S) Stephen Piscotty to second Runner from 2nd tries for 3rd, SAFE, no throw by RF
|
Pinch Hitting: RHB Jose Bautista
|
0-0: Ball 1-0: Foul Ball, location: 2F 1-1: Ball 2-1: Called Strike 2-2: Strikes out swinging
|
Pinch Hitting: SHB Yoan Moncada
|
0-0: Foul Ball, location: 2F 0-1: Called Strike 0-2: Foul Ball, location: 2F 0-2: Strikes out swinging
|
Top of the 9th over - 1 run, 2 hits, 0 errors, 2 left on base; Chicago 4 - New York 4 |
BOTTOM OF THE 9TH |
New York Mets batting - Pitching for Chicago Cubs : LHP Tony Cingrani
|
Pitching: RHP Dillon Maples
|
|
Now in CF: Kyle Lewis
|
|
Batting: RHB Salvador Perez
|
0-0: Ball 1-0: Foul Ball, location: 2F 1-1: Called Strike 1-2: Ball 2-2: Strikes out swinging
|
Batting: RHB Nick Ahmed
|
0-0: Ball 1-0: Ground out 4-3 (Groundball, 4)
|
Batting: LHB Scott Schebler
|
0-0: Foul Ball, location: 2F 0-1: Ball 1-1: Foul Ball, location: 2F 1-2: Ball 2-2: Foul Ball, location: 2F 2-2: Fly out, F9 (Line Drive, 9)
|
Bottom of the 9th over - 0 runs, 0 hits, 0 errors, 0 left on base; Chicago 4 - New York 4 |
TOP OF THE 10TH |
Chicago Cubs batting - Pitching for New York Mets : RHP Corey Knebel
|
Pitching: RHP Drew Steckenrider
|
|
Batting: RHB Paul DeJong
|
0-0: Ball 1-0: Called Strike 1-1: Swinging Strike 1-2: Ball 2-2: Foul Ball, location: 2F 2-2: Strikes out swinging
|
Batting: LHB Cody Bellinger
|
0-0: Ball 1-0: Ball 2-0: Called Strike 2-1: Ball 3-1: Foul Ball, location: 2F 3-2: Strikes out swinging
|
Batting: RHB Justin Upton
|
0-0: Ball 1-0: Called Strike 1-1: Called Strike 1-2: Foul Ball, location: 2F 1-2: Foul Ball, location: 2F 1-2: Strikes out looking
|
Top of the 10th over - 0 runs, 0 hits, 0 errors, 0 left on base; Chicago 4 - New York 4 |
BOTTOM OF THE 10TH |
New York Mets batting - Pitching for Chicago Cubs : RHP Dillon Maples
|
Pitching: RHP Roberto Osuna
|
|
Batting: SHB Jonathan Villar
|
0-0: Swinging Strike 0-1: Ball 1-1: Called Strike 1-2: Strikes out swinging
|
Pinch Hitting: LHB Gerardo Parra
|
0-0: Ball 1-0: Ball 2-0: Ball 3-0: Called Strike 3-1: Foul Ball, location: 2F 3-2: Base on Balls
|
Pinch Hitting: RHB Starlin Castro
|
0-0: Called Strike 0-1: Ball 1-1: Grounds into double play, 1-6-3 (Groundball, 34S)
|
Bottom of the 10th over - 0 runs, 0 hits, 0 errors, 0 left on base; Chicago 4 - New York 4 |
TOP OF THE 11TH |
Chicago Cubs batting - Pitching for New York Mets : RHP Drew Steckenrider
|
Pitching: LHP Adam Liberatore
|
|
Now in RF: Gerardo Parra
|
|
Batting: RHB Willson Contreras
|
0-0: Called Strike 0-1: Swinging Strike 0-2: Ball 1-2: Strikes out swinging
|
Batting: RHB Stephen Piscotty
|
0-0: Called Strike 0-1: Ball 1-1: Ball 2-1: Foul Ball, location: 2F 2-2: Ball 3-2: SINGLE (Line Drive, 7LS)
|
Batting: RHB Zack Cozart
|
0-0: Fly out, F7 (Flyball, 7LS)
|
Batting: RHB Jedd Gyorko
|
0-0: Ball Stephen Piscotty is caught stealing 2nd base 2-4
|
Top of the 11th over - 0 runs, 1 hit, 0 errors, 0 left on base; Chicago 4 - New York 4 |
BOTTOM OF THE 11TH |
New York Mets batting - Pitching for Chicago Cubs : RHP Roberto Osuna
|
Pitching: RHP David Phelps
|
|
Batting: SHB Ian Happ
|
0-0: Swinging Strike 0-1: Ball 1-1: Fly out, F8 (Flyball, 8LM)
|
Batting: LHB Mitch Moreland
|
0-0: Ball 1-0: Called Strike 1-1: Swinging Strike 1-2: Foul Ball, location: 2F 1-2: Ball 2-2: Strikes out swinging
|
Batting: LHB Travis Shaw
|
0-0: SINGLE (Groundball, 13S) (infield hit)
|
Batting: RHB Salvador Perez
|
0-0: Called Strike 0-1: Called Strike 0-2: Foul Ball, location: 2F 0-2: Strikes out looking
|
Bottom of the 11th over - 0 runs, 1 hit, 0 errors, 1 left on base; Chicago 4 - New York 4 |
TOP OF THE 12TH |
Chicago Cubs batting - Pitching for New York Mets : LHP Adam Liberatore
|
Batting: RHB Jedd Gyorko
|
0-0: Ball 1-0: Ball 2-0: Fly out, F8 (Flyball, 8LS)
|
Pinch Hitting: LHB Carlos Asuaje
|
0-0: Called Strike 0-1: Swinging Strike 0-2: Strikes out looking
|
Batting: RHB Kyle Lewis
|
0-0: Called Strike 0-1: Foul Ball, location: 2F 0-2: Strikes out swinging
|
Top of the 12th over - 0 runs, 0 hits, 0 errors, 0 left on base; Chicago 4 - New York 4 |
BOTTOM OF THE 12TH |
New York Mets batting - Pitching for Chicago Cubs : RHP David Phelps
|
Pitching: RHP Brent Honeywell
|
|
Batting: RHB Nick Ahmed
|
0-0: Called Strike 0-1: Foul Ball, location: 2F 0-2: Ball 1-2: Ball 2-2: Foul Ball, location: 2F 2-2: Ball 3-2: Foul Ball, location: 2F 3-2: Foul Ball, location: 2F 3-2: Foul Ball, location: 2F 3-2: Foul Ball, location: 2F 3-2: Ground out 6-3 (Groundball, 6M)
|
Batting: LHB Scott Schebler
|
0-0: Called Strike 0-1: Swinging Strike 0-2: Ball 1-2: Ball 2-2: Foul Ball, location: 2F 2-2: Ball 3-2: Foul Ball, location: 2F 3-2: Foul Ball, location: 2F 3-2: Base on Balls
|
Batting: SHB Jonathan Villar
|
0-0: Called Strike 0-1: Fly out, F8 (Flyball, 8RS)
|
Batting: LHB Gerardo Parra
|
0-0: Ball 1-0: Called Strike 1-1: Foul Ball, location: 2F 1-2: SINGLE (Flyball, 8RS) Scott Schebler to second Runner from 2nd tries for 3rd, SAFE, throw by CF made to third
|
Pinch Hitting: RHB John Hicks
|
0-0: SINGLE (Groundball, 56D) Scott Schebler scores
|
|
Tuesday, July 24th, 2018 - OOTP Baseball 19.7 Build 59
|
|